 Dungeon Sprint DCSS version 0.24.0-123-gd5b16e6ec5 (webtiles) character file.

Game seed: 5517533781152759980, levelgen mode: deterministic

438 Ponchio the Fighter (level 7, -12/52 HPs)
             Began as a Gargoyle Fighter on Feb 9, 2020.
             Was an Initiate of Qazlal.
             Splashed by Sonja's acid (15 damage)
             ... in the Dungeon (Sprint I: "Red Sonja").
             The game lasted 00:03:11 (299 turns).

Ponchio the Fighter (Gargoyle Fighter)               Turns: 299, Time: 00:03:12

Health: -12/52     AC:  7    Str: 19    XL:     7   Next: 1%
Magic:  7/7        EV: 10    Int:  9    God:    Qazlal [......]
Gold:   313        SH: 10    Dex: 11    Spells: 6/6 levels left

rFire    . . .     SeeInvis .   a - +0 flail
rCold    . . .     Gourm    .   c - +0 shield
rNeg     + . .     Faith    .   l - +0 ring mail
rPois    ∞         Spirit   .   (no helmet)
rElec    +         Reflect  .   (no cloak)
rCorr    .         Harm     .   (no gloves)
MR       .....     NoTele   +   (no boots)
Stlth    +.........             (no amulet)
HPRegen  0.17/turn              (no ring)
MPRegen  0.10/turn              (no ring)

@: corroded, berserk cooldown, slowed, very slow
A: negative energy resistance 1, electricity resistance, unbreathing,
petrification resistance, rot immunity, AC +4
a: Renounce Religion


You were in the Dungeon.
You worshipped Qazlal.
Qazlal was noncommittal.
You were not hungry.

You visited 1 branch You collected 313 gold pieces.

Inventory:

Hand Weapons
 a - a +0 flail (weapon)
Armour
 c - a +0 shield (worn)
 l - a +0 ring mail (worn)
Wands
 b - a wand of random effects (19)
Scrolls
 k - a scroll of blinking
Potions
 d - a potion of might
 e - a potion of curing
 h - a potion of haste
 i - 2 potions of magic
Comestibles
 f - a ration


   Skills:
 - Level 10.1 Fighting
 - Level 9.0 Maces & Flails
 + Level 5.7 Armour
 + Level 3.3 Dodging
 + Level 5.7 Shields


You had 6 spell levels left.
You didn't know any spells.
Your spell library was empty.

Dungeon Overview and Level Annotations

Branches:
Dungeon (1/1)

Altars:
Cheibriados
Dithmenos
Elyvilon
Fedhas
Gozag
Hepliaklqana
Kikubaaqudgha
Nemelex Xobeh
Okawaru
Qazlal
Ru
Sif Muna
Trog
Uskayaw
Vehumet
Wu Jian
Yredelemnul
Zin
The Shining One

Shops:
D [

Annotations:
D Sonja


Innate Abilities, Weirdness & Mutations

You are resistant to torment.
Your stone body is resilient. (AC +4)
You are immune to poison.
You resist negative energy. (rN+)
You are resistant to electric shocks. (rElec)
You can survive without breathing.
You are immune to petrification.
You are immune to rotting.


Message History

You see here a curare-tipped dart.
You slam the door shut with a bang!
You feel your anger nearly subside.
You are no longer berserk.
You are exhausted.
You feel yourself slow down.
Sonja opens the door.
Sonja zaps a wand.
The bolt of acid hits you. The acid corrodes you!
You are splashed with acid!
You see here a curare-tipped dart.
Sonja throws a curare-tipped dart.
You block the curare-tipped dart.
Sonja throws a curare-tipped dart.
The curare-tipped dart completely misses you.
Sonja throws a curare-tipped dart.
The curare-tipped dart completely misses you.
You see here a curare-tipped dart.
Sonja casts a spell.
Sonja blinks!
Sonja zaps a wand.
The bolt of acid hits you!
* * * LOW HITPOINT WARNING * * *
You are splashed with acid!
You die...

#..#####'#####'# #
#..####..#...#(####!§
#..#__####..##.#≈≈§§c#
#..#_____##'#_.+§≈§.§+
#⌠⌠#_.∩...'..._#≈≈§.c#
####_..__##_§#'##+####
#_____###'#.#
#########K###


+$@$+ #$($# ##(## #+# You could see Sonja.

Vanquished Creatures
  Sigmund (D)
  A yak (D)
  An ogre (D)
  A jelly (D)
  Ijyb (D)
5 creatures vanquished.

Notes
Turn   | Place    | Note
-------+----------+-------------------------------------------
     0 | D        | Ponchio the Gargoyle Fighter began the quest for the Orb.
     0 | D        | Reached XP level 1. HP: 14/14 MP: 1/1
     1 | D        | Noticed Ijyb
    31 | D        | Killed Ijyb
    31 | D        | Reached skill level 5 in Fighting
    31 | D        | Reached XP level 2. HP: 18/21 MP: 2/2
    31 | D        | Reached XP level 3. HP: 23/26 MP: 3/3
    77 | D        | Noticed an ogre
    84 | D        | Killed an ogre
    84 | D        | Reached skill level 7 in Fighting
    84 | D        | Reached XP level 4. HP: 35/35 MP: 4/4
    93 | D        | Noticed Sigmund
   104 | D        | Killed Sigmund
   104 | D        | Reached skill level 10 in Fighting
   104 | D        | Reached XP level 5. HP: 42/42 MP: 5/5
   104 | D        | Reached XP level 6. HP: 48/48 MP: 6/6
   118 | D        | Found a shimmering blue altar of Sif Muna.
   119 | D        | Found an ornate altar of the Wu Jian Council.
   120 | D        | Found a radiant altar of Vehumet.
   125 | D        | Reached skill level 1 in Dodging
   178 | D        | Noticed a centaur warrior
   178 | D        | Noticed a centaur warrior
   212 | D        | Found Waxep's Armour Emporium.
   212 | D        | Found an ancient bone altar of Kikubaaqudgha.
   212 | D        | Found a hazy altar of Hepliaklqana.
   212 | D        | Found a stormy altar of Qazlal.
   212 | D        | Found a hide-covered altar of Uskayaw.
   212 | D        | Found a blossoming altar of Fedhas.
   212 | D        | Found a bloodstained altar of Trog.
   212 | D        | Found an iron altar of Okawaru.
   212 | D        | Found a basalt altar of Yredelemnul.
   212 | D        | Found a glowing golden altar of the Shining One.
   212 | D        | Found a snail-covered altar of Cheibriados.
   212 | D        | Found a sacrificial altar of Ru.
   212 | D        | Found a glowing silver altar of Zin.
   212 | D        | Found a shadowy altar of Dithmenos.
   212 | D        | Found a white marble altar of Elyvilon.
   212 | D        | Noticed a yak
   220 | D        | Killed a yak
   220 | D        | Reached skill level 5 in Armour
   220 | D        | Reached skill level 5 in Shields
   220 | D        | Reached XP level 7. HP: 42/52 MP: 7/7
   221 | D        | Found an opulent altar of Gozag.
   222 | D        | Found a sparkling altar of Nemelex Xobeh.
   225 | D        | Became a worshipper of Qazlal Stormbringer
   286 | D        | Noticed Sonja
   299 | D        | Splashed by Sonja's acid

Levels and vault maps discovered:
D:        dungeon_sprint_1 [red_sonja_temple_1, red_sonja_temple_small_1]

Skill      XL: |  1  2  3  4  5  6 |
---------------+-------------------+-----
Fighting       | 5 7 10 | 10.1
Maces & Flails | 4 6 9 |  9.0
Dodging        | 3 |  3.3
Armour         | 5 |  5.7
Shields        | 5 |  5.7

Action                   |  1- 3 |  4- 6 |  7- 9 || total
-------------------------+-------+-------+-------++-------
Melee: Flail             |    35 |    22 |     1 ||    58
  Use: Scroll            |       |     1 |       ||     1
       Potion            |       |       |     2 ||     2
Armor: Scale mail        |    20 |       |       ||    20
       Ring mail         |     2 |     5 |     2 ||     9
Dodge: Dodged            |     9 |     5 |     2 ||    16
Block: Shield            |     6 |     7 |     3 ||    16
